 Dungeon Crawl Stone Soup version 0.20.0-6-gd3061e9 (webtiles) character file.

598 cereshysteria the Ruffian (level 7, -7/62 HPs)
             Began as a Naga Fighter on May 28, 2017.
             Was an Initiate of Okawaru.
             Splashed by a jelly's acid (9 damage)
             ... on level 5 of the Dungeon.
             The game lasted 00:12:20 (6398 turns).

cereshysteria the Ruffian (Naga Fighter)            Turns: 6398, Time: 00:12:21

Health: -7/62      AC: -5    Str: 19    XL:     7   Next: 40%
Magic:  7/7        EV:  4    Int:  8    God:    Okawaru [......]
Gold:   316        SH:  9    Dex: 12    Spells: 6/6 levels left

rFire    . . .     SeeInvis +     - Unarmed
rCold    . . .     Gourm    .   b - +1 shield
rNeg     . . .     Faith    .   a - +1 scale mail
rPois    +         Spirit   .   (no helmet)
rElec    .         Reflect  .   (no cloak)
rCorr    .         Harm     .   (no gloves)
MR       .....                  (no barding)
Stlth    ..........             e - amulet of magic regeneration
Regen    0.2/turn               p - ring of wizardry
MPRegen  0.2/turn               (no ring)

@: about to teleport, corroded, very heavily drained, very slow
A: see invisible, deformed body, poison resistance, slowness 2, slow metabolism
1, spit poison 1, AC +2
a: Spit Poison, Renounce Religion


You were on level 5 of the Dungeon.
You worshipped Okawaru.
Okawaru was noncommittal.
You were not hungry.

You visited 2 branches of the dungeon, and saw 6 of its levels.

You collected 316 gold pieces.

Inventory:

Armour
 a - a +1 scale mail (worn)
 b - a +1 shield (worn)
Jewellery
 e - an amulet of magic regeneration (around neck)
 p - a ring of wizardry (left hand)
Wands
 k - a wand of iceblast (10/15)
 q - a wand of digging (18/24)
Scrolls
 d - a scroll of identify
 f - 3 scrolls of remove curse
 g - a scroll of teleportation
 o - a scroll of blinking {unknown}
 r - a scroll of enchant weapon {unknown}
 s - a scroll of recharging {unknown}
Potions
 c - 2 potions of might
 h - 2 potions of flight {unknown}
 i - a potion of brilliance {unknown}
 j - 3 potions of mutation {unknown}
 l - a potion of curing {unknown}
 n - a potion of lignification {unknown}
Comestibles
 m - 2 bread rations


   Skills:
 - Level 3.0(0.0) Fighting
 + Level 3.9(0.6) Armour
 + Level 4.1(0.8) Shields
 * Level 5.7(2.2) Unarmed Combat


You had 6 spell levels left.
You didn't know any spells.

Dungeon Overview and Level Annotations

Branches:
Dungeon (5/15)             Temple (1/1) D:4

Altars:
Ashenzari
Elyvilon
Fedhas
Gozag
Hepliaklqana
Kikubaaqudgha
Okawaru
Ru
Sif Muna
Trog
Uskayaw
Vehumet
Yredelemnul
Zin
The Shining One


Innate Abilities, Weirdness & Mutations

You cannot wear boots.
Your serpentine skin is tough. (AC +2)
You have supernaturally acute eyesight. (SInv)
Armour fits poorly on your strangely shaped body.
Your system is resistant to poisons. (rPois)
You cover ground very slowly.
You have a slow metabolism.
You can spit poison.


Message History

You hit the jelly but do no damage.
Your hands burn!
The jelly is moderately wounded.
The jelly hits you. The acid corrodes you!
You are splashed with acid!
The acid burns!
* * * LOW HITPOINT WARNING * * *
You hit the jelly.
Your hands burn!
* * * LOW HITPOINT WARNING * * *
The jelly is heavily wounded.
The jelly hits you.
* * * LOW HITPOINT WARNING * * *
You are splashed with acid!
The acid burns!
* * * LOW HITPOINT WARNING * * *
Okay, then.
Okay, then.
Okay, then.
As you read the scroll of teleportation, it crumbles to dust.
You feel strangely unstable. The jelly hits you.
* * * LOW HITPOINT WARNING * * *
You are splashed with acid!
The acid burns!
You die...

######...###.#........
#..........#.#........
...................>..
#.#<.........#........
#.##########.#.####.##
#............#.# #
#######....#...#
....###....#.###################
###..##....#...J@..............#
# ##.##........###############.#
# #.##........... #.# #
#.##.........### #.#
####............... #.#
................##############.#
................##.............#
................##.#############
.......#####'##.##.#


You could see a jelly.

Vanquished Creatures
  A sky beast (D:5)
  A bullfrog (D:5)
  A scorpion (D:3)
  A howler monkey (D:5)
  A bullfrog zombie (D:5)
  A bullfrog skeleton (D:5)
  2 orc wizards (D:5)
  3 worker ants (D:4)
  A killer bee zombie (D:5)
  3 adders
  A shadow imp (D:5)
  2 adder skeletons (D:4)
  3 worms
  3 dart slugs
  6 leopard geckos
  14 orcs
  A ball python (D:5)
  4 giant cockroaches
  2 goblins (D:2)
  4 hobgoblins (D:2)
  5 jackals
  A quokka (D:2)
  2 bats
  2 frilled lizards (D:4)
  3 kobolds
  5 rats
73 creatures vanquished.

Notes
Turn   | Place    | Note
-------+----------+-------------------------------------------
     0 | D:1      | cereshysteria the Naga Fighter began the quest for the Orb.
     0 | D:1      | Reached XP level 1. HP: 21/21 MP: 1/1
   432 | D:1      | Reached XP level 2. HP: 21/28 MP: 2/2
  1158 | D:2      | Reached XP level 3. HP: 32/34 MP: 3/3
  1348 | D:2      | Found a blossoming altar of Fedhas.
  1427 | D:2      | Reached skill level 3 in Unarmed Combat
  2188 | D:3      | Reached XP level 4. HP: 39/42 MP: 4/4
  2643 | D:3      | Found a shattered altar of Ashenzari.
  2689 | D:3      | Found a basalt altar of Yredelemnul.
  2848 | D:4      | Reached XP level 5. HP: 45/49 MP: 5/5
  2938 | D:4      | Found an opulent altar of Gozag.
  3030 | D:4      | Reached skill level 4 in Unarmed Combat
  3185 | D:4      | Found a staircase to the Ecumenical Temple.
  3980 | D:5      | Entered Level 5 of the Dungeon
  4230 | D:4      | Reached XP level 6. HP: 54/56 MP: 6/6
  4421 | Temple   | Entered the Ecumenical Temple
  4585 | Temple   | Became a worshipper of Warmaster Okawaru
  4919 | D:5      | Found a white marble altar of Elyvilon.
  4976 | D:5      | Found a radiant altar of Vehumet.
  5014 | D:5      | Reached skill level 5 in Unarmed Combat
  5418 | D:5      | Noticed a sky beast
  5437 | D:5      | Killed a sky beast
  5437 | D:5      | Reached XP level 7. HP: 37/62 MP: 7/7
  6397 | D:5      | HP: 3/62 [acid (9)]
  6398 | D:5      | Splashed by a jelly's acid

Skill      XL: |  1  2  3  4  5  6 |
---------------+-------------------+-----
Unarmed Combat | 3 4 5 |  5.7
Armour         | 3 |  3.9
Shields        | 3 4 |  4.1
Fighting       | |  3.0

Action                   |  1- 3 |  4- 6 |  7- 9 || total
-------------------------+-------+-------+-------++-------
Melee: Unarmed           |   160 |   246 |    56 ||   462
 Abil: Spit Poison       |    13 |     5 |     3 ||    21
  Use: Scroll            |     1 |     6 |     1 ||     8
       Potion            |     1 |       |       ||     1
  Eat: Bread ration      |     1 |     1 |     1 ||     3
       Chunk             |       |     1 |       ||     1
       Royal jelly       |       |     1 |       ||     1
Armor: Scale mail        |    48 |    92 |    20 ||   160
Dodge: Dodged            |    33 |    49 |     6 ||    88
Block: Shield            |    66 |   131 |    24 ||   221
